 Dungeon Crawl Stone Soup version 0.21.1-1-g345015fe64 (webtiles) character file.

82 Revguard the Sneak (level 4, -2/24 HPs)
             Began as a Deep Elf Fire Elementalist on June 17, 2018.
             Slain by a vampire bat (3 damage)
             ... on level 2 of the Dungeon.
             The game lasted 00:08:46 (2083 turns).

Revguard the Sneak (Deep Elf Fire Elementalist)     Turns: 2083, Time: 00:08:47

Health: -2/24      AC:  2    Str:  5    XL:     4   Next: 21%
Magic:  1/11       EV: 13    Int: 21    God:
Gold:   74         SH:  0    Dex: 15    Spells: 3/9 levels left

rFire    . . .     SeeInvis .   h - +0 dagger
rCold    . . .     Gourm    .   (no shield)
rNeg     . . .     Faith    .   a - +0 robe
rPois    .         Spirit   .   (no helmet)
rElec    .         Reflect  .   (no cloak)
rCorr    .         Harm     .   (no gloves)
MR       .....                  (no boots)
Stlth    ++++......             (no amulet)
HPRegen  0.08/turn              d - ring of stealth
MPRegen  0.12/turn              (no ring)

@: about to teleport
A: no striking features
a: no special abilities


You were on level 2 of the Dungeon.
You were hungry.

You visited 1 branch of the dungeon, and saw 2 of its levels.

You collected 74 gold pieces.

Inventory:

Hand Weapons
 h - a +0 dagger (weapon)
Armour
 a - a +0 robe (worn)
Jewellery
 d - a ring of stealth (left hand)
Scrolls
 i - a scroll of enchant weapon {unknown}
Books
 b - a book of Flames

   Spells                             Type                      Level
   a - Flame Tongue                   Conjuration/Fire             1
   b - Throw Flame                    Conjuration/Fire             2
   c - Conjure Flame                  Conjuration/Fire             3
   d - Inner Flame                    Hexes/Fire                   3
   e - Sticky Flame                   Conjuration/Fire             4
   f - Fireball                       Conjuration/Fire             5
Comestibles
 c - 5 rations


   Skills:
 * Level 0.7 Short Blades
 + Level 2.4 Dodging
 + Level 4.5 Stealth
 + Level 3.4 Spellcasting
 * Level 1.7 Conjurations
 * Level 0.9 Hexes
 + Level 3.6 Fire Magic


You had 3 spell levels left.
You knew the following spells:

 Your Spells              Type           Power        Failure   Level  Hunger
a - Flame Tongue          Conj/Fire      ##...        4%          1    None
b - Throw Flame           Conj/Fire      ##....       6%          2    ##.....
c - Inner Flame           Hex/Fire       ##......     16%         3    ###....


Dungeon Overview and Level Annotations

Branches:
Dungeon (2/15)

Altars:
Cheibriados
Kikubaaqudgha
Xom


Message History

You feel less wooden.
Your +0 robe unmelds from your body.
You feel a little less mighty now. The bat skeleton closely misses you.
The bat skeleton barely misses you.
The vampire bat bites you but does no damage.
The bat skeleton hits you but does no damage.
As you read the scroll labeled XUREGA BIFO, it crumbles to dust.
You feel blessed for a moment.
It was a scroll of remove curse.
The vampire bat bites you.
* * * LOW HITPOINT WARNING * * *
The vampire bat draws strength from your injuries!
The bat skeleton closely misses you. The vampire bat bites you.
* * * LOW HITPOINT WARNING * * *
The vampire bat draws strength from your injuries!
The bat skeleton closely misses you.
As you read the scroll labeled ROROID GAZEKH, it crumbles to dust.
You feel strangely unstable.
It was a scroll of teleportation.
The bat skeleton misses you. The bat skeleton barely misses you.
The vampire bat bites you.
You die...

###### ##.#.#.######
##.⌠.#.⌠.#...##
#.#.#.#.#.#.#.##
...#.⌠.#.⌠.#.⌠.###
⌠.⌠.#.#.#.#.#..'.#
._...#.⌠.#.⌠.#.'.#
###
⌠.⌠.#.#.#.#.#..Zb#
#.#
#.⌠.#.⌠.#.⌠.#@###.#
#.#.#.#.#.#.##.....#
#.⌠.#.⌠.#...#####.#.#
##.#.#.###### #...#
######### #...# ..
#.#.# .. #.#.# ..
#.#.# .. #.#.#


You could see a vampire bat and a bat skeleton.

Vanquished Creatures
  3 adders (D:2)
  An adder skeleton (D:2)
  2 dart slugs
  3 leopard geckos
  2 bat skeletons (D:2)
  3 bat zombies (D:2)
  2 giant cockroaches
  8 goblins
  6 hobgoblins
  3 kobolds
  2 quokkas (D:2)
  A ball python (D:1)
  A bat (D:1)
  A frilled lizard (D:1)
  3 rats (D:1)
41 creatures vanquished.

Notes
Turn   | Place    | Note
-------+----------+-------------------------------------------
     0 | D:1      | Revguard the Deep Elf Fire Elementalist began the quest for the Orb.
     0 | D:1      | Reached XP level 1. HP: 10/10 MP: 6/6
   156 | D:1      | Reached skill level 3 in Stealth
   330 | D:1      | Reached XP level 2. HP: 15/15 MP: 5/8
   526 | D:1      | Learned a level 2 spell: Throw Flame
   689 | D:1      | Reached skill level 4 in Stealth
   806 | D:2      | Reached XP level 3. HP: 16/19 MP: 5/9
  1190 | D:2      | Learned a level 3 spell: Inner Flame
  1251 | D:2      | Found a shimmering altar of Xom.
  1253 | D:2      | Found a shimmering altar of Xom.
  1254 | D:2      | Found a shimmering altar of Xom.
  1254 | D:2      | Found a shimmering altar of Xom.
  1256 | D:2      | Found a shimmering altar of Xom.
  1256 | D:2      | Found a shimmering altar of Xom.
  1832 | D:2      | Reached XP level 4. HP: 24/24 MP: 4/11
  1834 | D:2      | Found a snail-covered altar of Cheibriados.
  2061 | D:2      | Found an ancient bone altar of Kikubaaqudgha.
  2082 | D:2      | HP: 1/24 [vampire bat (1)]
  2083 | D:2      | Slain by a vampire bat

Skill      XL: |  1  2 |
---------------+-------+-----
Stealth        | 3 4 |  4.5
Short Blades   | |  0.7
Dodging        | |  2.4
Spellcasting   | |  3.4
Conjurations   | |  1.7
Hexes          | |  0.9
Fire Magic     | |  3.6

Action                   |  1- 3 |  4- 6 || total
-------------------------+-------+-------++-------
Melee: Dagger            |    40 |    10 ||    50
 Cast: Flame Tongue      |    32 |     9 ||    41
       Throw Flame       |     8 |     6 ||    14
  Use: Potion            |     3 |     3 ||     6
       Scroll            |       |     2 ||     2
 Stab: Sleeping          |     8 |     1 ||     9
  Eat: Chunk             |     2 |     1 ||     3
Armor: Skin              |    24 |     7 ||    31
       Robe              |     2 |    23 ||    25
Dodge: Dodged            |    22 |    56 ||    78
